 Dungeon Crawl Stone Soup version 0.23.2-1-ga50397a6bc (webtiles) character file.

Game seed: 2827703494043800834

170 Kobolds4U the Covert (level 5, -1/25 HPs)
             Began as a Spriggan Assassin on May 30, 2019.
             Slain by a river rat (6 damage)
             ... on level 3 of the Dungeon.
             The game lasted 00:05:38 (2712 turns).

Kobolds4U the Covert (Spriggan Assassin)            Turns: 2712, Time: 00:05:38

Health: -1/25      AC:  3    Str:  7    XL:     5   Next: 25%
Magic:  6/6        EV: 17    Int: 12    God:
Gold:   68         SH:  0    Dex: 19    Spells: 4/4 levels left

rFire    . . .     SeeInvis +   a - +2 dagger
rCold    . . .     Gourm    .   (shield restricted)
rNeg     . . .     Faith    .   c - +0 robe
rPois    .         Spirit   .   (helmet restricted)
rElec    .         Reflect  .   d - +0 cloak
rCorr    .         Harm     .   (gloves unavailable)
MR       .....                  (boots unavailable)
Stlth    +++.......             u - amulet of rage (curse)
HPRegen  0.08/turn              (no ring)
MPRegen  0.10/turn              (no ring)

@: slow
A: very small, unfitting armour, see invisible, herbivore, speed 3, slow
metabolism 2
a: Evoke Berserk Rage


You were on level 3 of the Dungeon.
You were not hungry.

You visited 1 branch of the dungeon, and saw 3 of its levels.

You collected 68 gold pieces.

Inventory:

Hand Weapons
 a - a +2 dagger (weapon)
 b - a +0 blowgun
Missiles
 e - 7 poisoned needles
 f - a curare-tipped needle
Armour
 c - a +0 robe (worn)
 d - a +0 cloak (worn)
Jewellery
 u - a cursed amulet of rage (around neck)
Wands
 t - a wand of polymorph (1)
Scrolls
 i - a scroll of teleportation
 m - a scroll of fog {unknown}
 q - a scroll of amnesia {unknown}
 r - a scroll of fear {unknown}
 s - 3 scrolls of enchant armour
Potions
 h - a potion of brilliance {unknown}
 j - a potion of resistance {unknown}
 l - a potion of agility {unknown}
 n - 2 potions of degeneration
 o - a potion of flight {unknown}
 p - a potion of curing {unknown}
Comestibles
 g - 4 rations


   Skills:
 - Level 1.5 Fighting
 - Level 2.1 Short Blades
 - Level 2.0 Throwing
 - Level 1.5 Dodging
 + Level 10.0 Stealth


You had 4 spell levels left.
You didn't know any spells.
Your spell library contained the following spells:

 Spells                   Type           Power        Failure   Level  Hunger
 Confusing Touch          Hex            #.....       32%         1    ##.....
 Confuse                  Hex            #.......     69%         3    ####...
 Gell's Gravitas          Tloc           #.........   69%         3    ####...
 Petrify                  Tmut/Erth      #.......     97%         4    #####..
 Metabolic Englaciation   Hex/Ice        #.........   100%        5    ######.
 Yara's Violent Unravell  Hex/Tmut       #.........   100%        5    ######.


Dungeon Overview and Level Annotations

Branches:
Dungeon (3/15)

Altars:
Ashenzari

Annotations:
D:2 1 runed translucent door, Crazy Yiuf


Innate Abilities, Weirdness & Mutations

You are very small and have problems with some larger weapons.
You are too small for most types of armour.
You have supernaturally acute eyesight. (SInv)
You are a herbivore.
You cover ground extremely quickly.
You need to consume almost no food.


Message History

You hit the river rat but do no damage. The river rat bites you.
* * * LOW HITPOINT WARNING * * *
You hear the brisk rusting of a drain.
A frilled lizard comes into view.
Found 9 gold pieces and a scroll of enchant armour.
You see here 9 gold pieces.
The helpless frilled lizard fails to defend itself.
You stick the frilled lizard like a pincushion!!!
You kill the frilled lizard!
s - 3 scrolls of enchant armour (gained 1)
There are no items here.
You see here 9 gold pieces.
The river rat twitches its whiskers.
You open the door.
There is an open door here.
You enter the shallow water.
Moving in this stuff is going to be slow.
The river rat misses you. x2
The river rat bites you.
You die...

#...# #...# ###.
#.... .....
#...##########
##)..
#.....r......##...
#...###.####..#.#
#...# ###≈≈##'..#
##..# +r≈≈r≈≈#..#
#.r# +≈≈≈@≈≈#..#
#..# ###≈≈##'..#
#.r###.####....#
##.....r.r....##
#######.....##
#######


You could see a river rat and a rat (wandering).

Vanquished Creatures
  Natasha (thrice) (D:2)
  Terence (D:2)
  2 adders
  3 oozes
  A worm (D:2)
  A dart slug (D:1)
  2 leopard geckos (D:1)
  4 bats
  5 hobgoblins
  A jackal (D:2)
  4 kobolds
  2 quokkas
  4 frilled lizards
  2 goblins
  4 rats (D:2)
39 creatures vanquished.

Vanquished Creatures (others)
  A bat (D:1)
1 creature vanquished.

Grand Total: 40 creatures vanquished

Notes
Turn   | Place    | Note
-------+----------+-------------------------------------------
     0 | D:1      | Kobolds4U the Spriggan Assassin began the quest for the
                  | Orb.
     0 | D:1      | Reached XP level 1. HP: 10/10 MP: 2/2
    26 | D:1      | Reached skill level 6 in Stealth
    89 | D:1      | You fall through a shaft!
   105 | D:2      | Reached XP level 2. HP: 14/14 MP: 3/3
   152 | D:2      | Reached skill level 7 in Stealth
   459 | D:1      | Reached XP level 3. HP: 13/18 MP: 4/4
   483 | D:1      | Found a shattered altar of Ashenzari.
   817 | D:2      | Noticed Terence
   834 | D:2      | Killed Terence
   834 | D:2      | Reached skill level 8 in Stealth
   957 | D:2      | Noticed Natasha
   964 | D:2      | Killed Natasha
   964 | D:2      | Reached XP level 4. HP: 20/22 MP: 5/5
  1036 | D:2      | Noticed Natasha
  1055 | D:2      | Reached skill level 9 in Stealth
  1339 | D:2      | Killed Natasha
  1410 | D:2      | Found a runed translucent door.
  1411 | D:2      | Noticed Crazy Yiuf
  1607 | D:2      | Noticed Natasha
  1786 | D:2      | Killed Natasha
  1786 | D:2      | Reached XP level 5. HP: 23/25 MP: 6/6
  2132 | D:2      | Found a faded altar of an unknown god.
  2441 | D:3      | Reached skill level 10 in Stealth
  2712 | D:3      | Slain by a river rat

Skill      XL: |  1  2  3  4  5 |
---------------+----------------+-----
Stealth        | 6 7 8 9 10 | 10.0
Fighting       | |  1.5
Short Blades   | |  2.1
Throwing       | |  2.0
Dodging        | |  1.5

Action                   |  1- 3 |  4- 6 || total
-------------------------+-------+-------++-------
Melee: Dagger            |    79 |    76 ||   155
       Unarmed           |       |     3 ||     3
 Fire: Blowgun           |     4 |    11 ||    15
  Use: Scroll            |       |     3 ||     3
 Stab: Sleeping          |     9 |     5 ||    14
Armor: Robe              |    10 |     6 ||    16
Dodge: Dodged            |    54 |    55 ||   109
